AoeStats
← rarekittenz67

Arena

507231595Analyzed
1v1 RM · 14d ago on Sep 17, 2026· 52m 21s· 2 players
Game mode
Random Map
Map size
Tiny (2 player)
Population
200
Speed
Normal
Resources
Standard
Victory
Conquest
Starting age
Dark Age
Ending age
Imperial Age
RankedLock teamsTeams togetherTeam positionsShared explorationLock speedFull tech treeHidden civsTurbo modeCheats
Victory
Defeat
🇺🇸 Goths · United States
667
+18
🇬🇧 Britons · United Kingdom
709
-18
mighty_jester_hun
10:27 Feudal Age
12:49 Stone Mining
15:03 Castle Age
15:03 Horse Collar
25:53 Fletching
25:57 Double-Bit Axe
27:55 Bow Saw
27:49 Heavy Plow
33:04 Imperial Age
31:50 Wheelbarrow
31:01 Loom
31:03 Town Watch
31:56 Padded Archer Armor
31:52 Bodkin Arrow
33:21 Leather Archer Armor
33:43 Hand Cart
33:28 Town Patrol
34:05 Scale Barding Armor
34:11 Forging
37:20 Iron Casting
37:06 Chain Barding Armor
37:49 Husbandry
37:11 Cavalier
40:10 Gold Mining
42:35 Blast Furnace
42:11 Plate Barding Armor
45:19 Leather Archer Armor
46:22 Ballistics
48:08 Leather Archer Armor
50:28 Chemistry
49:55 Light Cavalry
51:36 Yeomen
rarekittenz67
1:24 Loom
10:28 Feudal Age
10:54 Double-Bit Axe
10:53 Horse Collar
14:03 Wheelbarrow
18:26 Castle Age
17:55 Wheelbarrow
17:48 Gold Mining
19:23 Bow Saw
20:13 Scale Mail Armor
20:25 Forging
20:48 Stone Mining
21:59 Hand Cart
25:50 Heavy Plow
30:32 Imperial Age
30:33 Anarchy
35:13 Elite Huskarl
36:50 Chain Mail Armor
37:11 Iron Casting
39:17 Conscription
39:05 Squires
39:20 Pikeman
41:33 Two-Man Saw
40:21 Halberdier
42:17 Crop Rotation
44:05 Masonry
46:12 Blast Furnace
45:39 Fervor
49:45 Padded Archer Armor
49:38 Fletching
Connection lost

Rejoining the realm…

Still unreachable

The connection could not be restored.

Session expired

The server has moved on; the page needs a fresh start.